 Dungeon Crawl Stone Soup version 0.19.1-1-g22dce08 (webtiles) character file.

58 theAP the Stinger (level 3, 0/24 HPs)
             Began as a Demonspawn Venom Mage on Dec 31, 2016.
             Slain by Robin
             ... wielding a +0 falchion
              (1 damage)
             ... on level 2 of the Dungeon.
             The game lasted 00:07:15 (1091 turns).

theAP the Stinger (Demonspawn Venom Mage)           Turns: 1091, Time: 00:07:20

Health: 0/24       AC:  5    Str:  9    XL:     3   Next: 76%
Magic:  5/5        EV: 10    Int: 16    God:
Gold:   67         SH:  2    Dex: 13    Spells: 1 memorised, 5 levels left

rFire  . . .     SeeInvis .     j - +1 mace (crush)
rCold  . . .     Gourm    .     h - +0 ring mail
rNeg   . . .     Faith    .     (no shield)
rPois  .         Spirit   .     (helmet restricted)
rElec  .         Reflect  +     (no cloak)
rCorr  .         Harm     .     (no gloves)
MR     .....     Clarity  +     (no boots)
Stlth  ++........               e - +2 amulet of reflection
                                (no ring)
                                (no ring)

@: very slightly contaminated
A: horns 1, clarity, low mp 1, nightstalker 1, subdued magic 1
a: no special abilities


You were on level 2 of the Dungeon.
You were not hungry.

You visited 1 branch of the dungeon, and saw 2 of its levels.

You collected 67 gold pieces.

Inventory:

Hand Weapons
 f - a +0 club
 j - a +1 mace of crushing (weapon)
Armour
 a - a +0 robe
 h - a +0 ring mail (worn)
Jewellery
 e - a +2 amulet of reflection (around neck)
Scrolls
 g - a scroll of magic mapping {unknown}
 k - a scroll of enchant armour {unknown}
Books
 b - a Young Poisoner's Handbook

   Spells                             Type                      Level
   a - Sting                          Conjuration/Poison           1
   b - Mephitic Cloud                 Conjuration/Poison/Air       3
   c - Olgreb's Toxic Radiance        Poison                       4
   d - Alistair's Intoxication        Transmutation/Poison         5
   e - Venom Bolt                     Conjuration/Poison           5
Comestibles
 c - a bread ration
 i - a slice of pizza
 l - a chunk of flesh


   Skills:
 * Level 2.6 Maces & Flails
 - Level 1.8 Dodging
 - Level 1.8 Stealth
 - Level 2.1 Spellcasting
 - Level 4.2 Poison Magic


You had 5 spell levels left.
You knew the following spells:

 Your Spells              Type           Power        Failure   Level  Hunger
a - Sting                 Conj/Pois      #...         21%         1    #......


Dungeon Overview and Level Annotations

Branches:
Dungeon (2/15)

Altars:

Annotations:
D:2 Robin


Innate Abilities, Weirdness & Mutations

You have a pair of small horns on your head.
You are slightly more attuned to the shadows.
You possess an exceptional clarity of mind.
Your magical capacity is low. (-10% MP)
Your spells are a little easier to cast, but a little less powerful.


Message History

Aim: Robin, wielding a falchion, wearing an animal skin and wearing a helmet (heavily wounded)
The sting hits Robin.
Robin is poisoned.
Robin is heavily wounded.
Robin throws the goblin at you! The goblin closely misses you.
You hit Robin but do no damage.
Robin is heavily wounded.
Robin roars a battlecry!
The hobgoblin goes into a battle-frenzy!
The goblin hits you with a hunting sling.
* * * LOW HITPOINT WARNING * * *
Robin hits you with a falchion.
* * * LOW HITPOINT WARNING * * *
It was a potion of mutation.
You feel extremely strange.
Your connection to magic feels subdued.
Your thoughts seem clearer.
You feel less energetic.
The hobgoblin no longer looks unusually strong.
The goblin hits you with a hunting sling.
* * * LOW HITPOINT WARNING * * *
Robin hits you with a falchion.
You die...

#. #..#####.#####.#
#..
#...........†..#
#..###
####..###########.#
#..... #....## #.#
#..... #....# ##.##
#.....####....#
#...#
#g.....rg..grg#
#....
#.#####.####g##
#...# .[.# #@#
##### #.##(#
#g...... # #.#
####.### ... # ..#


You could see Robin, 2 hobgoblins, a goblin and a rat.

Vanquished Creatures
  An adder (D:2)
  A worm (D:2)
  6 bats
  4 giant cockroaches (D:1)
  8 goblins
  4 hobgoblins
  8 jackals
  4 kobolds
  A frilled lizard (D:1)
  3 rats
40 creatures vanquished.

Notes
Turn   | Place    | Note
-------+----------+-------------------------------------------
     0 | D:1      | theAP the Demonspawn Venom Mage began the quest for the Orb.
     0 | D:1      | Reached XP level 1. HP: 13/13 MP: 3/3
   411 | D:1      | Gained mutation: You have a pair of small horns on your head. [demonic ancestry]
   411 | D:1      | Reached XP level 2. HP: 19/19 MP: 1/5
   506 | D:1      | Reached skill level 1 in Maces & Flails
   812 | D:1      | Gained mutation: You are slightly more attuned to the shadows. [demonic ancestry]
   812 | D:1      | Reached XP level 3. HP: 24/24 MP: 3/6
  1071 | D:2      | Noticed Robin
  1091 | D:2      | Gained mutation: Your spells are a little easier to cast, but a little less powerful. [potion of mutation]
  1091 | D:2      | Gained mutation: You possess an exceptional clarity of mind. [potion of mutation]
  1091 | D:2      | Gained mutation: Your magical capacity is low. (-10% MP) [potion of mutation]
  1091 | D:2      | HP: 1/24 [goblin/hunting sling[Robin] (1)]
  1091 | D:2      | Slain by Robin

Skill      XL: |  1  2  3 |
---------------+----------+-----
Maces & Flails | 1 2 |  2.6
Dodging        | |  1.8
Stealth        | |  1.8
Spellcasting   | |  2.1
Poison Magic   | |  4.2

Action                   || total
-------------------------++-------
Melee: Unarmed           ||    29
       Club              ||    21
       Mace              ||    63
       Headbutt          ||     5
 Cast: Sting             ||    45
  Use: Potion            ||     1
 Stab: Sleeping          ||     2
  Eat: Chunk             ||     2
Armor: Robe              ||    30
       Ring mail         ||    26
Dodge: Dodged            ||   124
Block: Other             ||     3
